Map: Orbital Shipyard

Players

Tecumseh

  • Race: Protoss Protoss
  • League: Platinum

Chernobog - Winner!

  • Race: Terran Terran
  • League: Silver

VOD

Have the link to the VOD?

Description

Time

  • Played on: Sept. 3, 2015, 7:19 p.m.
  • Length: 15:33
Show
View Real Time Build Order
Export as new Build Order

Tecumseh Protoss 

Build Orders:  

Get SALT Encoding   

  12  0:01  Probe (Chrono Boost)  
  13  0:14  Probe (Chrono Boost)  
  14  0:21  Pylon  
  14  0:24  Probe (Chrono Boost)  
  15  0:38  Probe (Chrono Boost)  
  16  0:46  Gateway  
  16  0:49  Probe (Chrono Boost)  
  17  0:59  Probe (Chrono Boost)  
  17  1:04  Assimilator  
  18  1:05  Assimilator  
  18  1:09  Probe (Chrono Boost)  
  19  1:19  Probe (Chrono Boost)  
  20  1:35  Cybernetics Core  
  20  1:38  Pylon  
  20  1:39  Probe (Chrono Boost)  
  21  1:49  Probe (Chrono Boost)  
  22  1:59  Probe (Chrono Boost)  
  23  2:05  Pylon  
  23  2:09  Probe (Chrono Boost)  
  23  2:11  Warp Gate  
  23  2:14  Robotics Facility  
  24  2:16  Adept  
  26  2:24  Mothership Core (Chrono Boost)  
  28  2:31  Gateway  
  28  2:34  Gateway  
  28  2:47  Adept  
  30  2:57  Pylon  
  30  3:10  Warp Prism (Chrono Boost)  
  30  3:11  Robotics Bay  
  32  3:14  Adept  
  34  3:21  Adept  
  36  3:50  Pylon  
  36  3:55  Pylon  
  36  4:06  Disruptor (Chrono Boost)  
  39  4:14  Gravitic Drive  
  39  4:20  Zealot x2  
  39  4:23  Adept  
  45  4:52  Zealot x3  
  51  4:55  Disruptor (Chrono Boost)  
  54  5:04  Pylon  
  54  5:07  Pylon  
  52  6:00  Disruptor (Chrono Boost)  
  52  6:03  Adept x3  
  54  6:28  Adept x3  
  54  6:30  Warp Prism (Chrono Boost)  
  62  6:39  Nexus  
  60  6:41  Pylon  
  50  7:00  Disruptor (Chrono Boost)  
  53  7:02  Adept x3  
  54  7:23  Adept x3  
  60  7:32  Assimilator  
  60  7:37  Assimilator  
  60  7:44  Stalker x2  
  60  7:45  Stalker  
  66  7:53  Probe (Chrono Boost)  
  67  8:04  Probe (Chrono Boost)  
  62  8:14  Probe (Chrono Boost)  
  61  8:23  Disruptor  
  61  8:24  Probe (Chrono Boost)  
  65  8:27  Adept x3  
  71  8:36  Probe (Chrono Boost)  
  72  8:46  Probe (Chrono Boost)  
  73  8:56  Probe (Chrono Boost)  
  72  9:08  Adept x2  
  72  9:09  Adept  
  61  9:34  Probe (Chrono Boost)  
  61  9:35  Disruptor  
  61  9:36  Adept x2  
  61  9:37  Adept  
  71  9:44  Probe (Chrono Boost)  
  69  9:54  Probe (Chrono Boost)  
  70  10:01  Robotics Facility  
  70  10:04  Adept, Robotics Facility  
  70  10:05  Probe (Chrono Boost), Adept x2  
  77  10:10  Disruptor (Chrono Boost)  
  80  10:39  Nexus  
  80  10:45  Disruptor (Chrono Boost)  
  86  10:54  Disruptor (Chrono Boost)  
  86  11:00  Adept x3  
  74  11:38  Disruptor (Chrono Boost)  
  80  11:40  Adept x3, Disruptor (Chrono Boost)  
  86  12:02  Adept x3  
  86  12:08  Disruptor (Chrono Boost)  
  92  12:10  Disruptor (Chrono Boost)  
  98  12:25  Gateway x2  
  90  12:30  Gateway  
  90  12:33  Nexus  
  86  12:45  Pylon  
  86  12:48  Pylon  
  86  12:49  Stalker x3  
  92  12:55  Assimilator  
  92  12:57  Assimilator  
  49  13:41  Adept  
  49  13:42  Adept x2  
  55  14:03  Disruptor x2 (Chrono Boost)  
  49  14:22  Adept x3  
  49  14:23  Adept x3  
  54  14:32  Disruptor (Chrono Boost)  
  54  14:33  Disruptor (Chrono Boost)  
  57  15:00  Stalker x3  
  57  15:01  Stalker x3  
  57  15:02  Disruptor (Chrono Boost)  
  57  15:03  Disruptor (Chrono Boost)  
Show
View Real Time Build Order
Export as new Build Order

Chernobog Terran - Winner!

Build Orders:  

Get SALT Encoding   

  12  0:01  SCV  
  13  0:13  SCV  
  14  0:22  Supply Depot  
  14  0:25  SCV  
  15  0:43  SCV  
  15  0:45  Barracks  
  15  0:47  Refinery  
  16  0:55  SCV  
  17  1:08  SCV  
  18  1:20  SCV  
  19  1:32  SCV, Supply Depot  
  20  1:34  Reaper  
  21  1:45  Command Center  
  21  1:49  SCV  
  22  2:01  SCV  
  23  2:05  Barracks  
  23  2:09  Refinery  
  23  2:11  Barracks Reactor  
  23  2:13  SCV  
  24  2:27  Orbital Command  
  24  2:32  Barracks  
  24  2:48  Marine x2  
  26  2:54  Factory  
  26  2:57  Barracks Tech Lab  
  26  3:04  SCV, Engineering Bay  
  27  3:10  Orbital Command  
  27  3:13  Marine  
  27  3:14  Marine  
  29  3:22  Stimpack  
  29  3:26  Barracks Reactor  
  29  3:27  SCV  
  30  3:39  SCV, Supply Depot  
  30  3:41  Terran Infantry Weapons Level 1  
  31  3:44  Factory Tech Lab  
  32  3:48  SCV  
  32  3:53  Marine  
  32  3:54  Marine, Marauder  
  36  4:02  Marine x2  
  38  4:09  SCV x2  
  40  4:11  Marine  
  40  4:12  Marine  
  40  4:15  Siege Tank  
  46  4:20  Refinery, Marine x2  
  46  4:23  Marine  
  48  4:32  SCV x2, Starport  
  50  4:39  Marine  
  50  4:40  Marine x2  
  50  4:41  Marine x2  
  50  4:44  SCV  
  50  4:45  SCV  
  57  4:48  Siege Tank  
  60  4:56  Supply Depot  
  60  4:59  Marine x2  
  62  5:17  Medivac, Marine x5  
  62  5:19  Supply Depot  
  58  5:47  Medivac  
  58  6:05  Marine x2  
  58  6:06  Marine x3  
  58  6:11  SCV  
  64  6:23  Marine  
  65  6:30  Siege Tank  
  65  6:31  Marine x2  
  70  6:34  Marine, Starport Reactor  
  70  6:39  Marine  
  72  6:46  SCV x2  
  66  6:57  Marauder, Marine x2  
  66  6:58  Marine x2  
  72  7:07  SCV x2  
  74  7:15  Marine  
  66  7:19  SCV, Marauder  
  61  7:39  Marine x2  
  61  7:41  Marauder, Marine x2  
  64  7:44  Siege Tank, Medivac x2  
  64  7:47  SCV x2  
  73  7:56  Marine x2  
  75  7:59  SCV x2, Marine x2  
  75  8:02  Marine  
  75  8:11  SCV  
  70  8:14  Marine x2  
  70  8:16  Siege Tank, Marine  
  70  8:17  Marine  
  74  8:21  Marauder  
  74  8:26  Command Center  
  76  8:28  Barracks  
  76  8:29  SCV x2  
  76  8:31  Barracks  
  76  8:32  Marine x2  
  80  8:34  Marine x2  
  82  8:42  Marauder  
  82  8:43  Terran Infantry Armor Level 1  
  84  8:50  Marine x2  
  84  8:52  Marine x2  
  85  9:03  Marine  
  85  9:08  Marine x2  
  80  9:10  Marine x2  
  80  9:21  Marauder  
  82  9:25  Marine  
  82  9:26  Marine  
  82  9:28  Marine x2  
  76  9:43  Marine x2, Marauder  
  80  9:45  Marine  
  80  9:46  Marine  
  84  10:00  Barracks Tech Lab  
  84  10:01  Marine x2  
  84  10:04  Barracks Tech Lab, Marauder  
  86  10:08  Marine x2  
  88  10:17  Missile Turret  
  88  10:19  Marine x2  
  90  10:22  Medivac  
  90  10:23  Medivac  
  90  10:25  Siege Tank, Marauder  
  100  10:28  SCV x2  
  100  10:32  Orbital Command  
  101  10:40  SCV x2  
  103  10:45  Marine x3  
  103  10:46  Marine, Marauder  
  109  11:18  Marine  
  109  11:19  Marine  
  109  11:20  SCV  
  109  11:21  Marine  
  109  11:23  Marine  
  109  11:27  Marauder x2, Marine  
  105  11:35  Marine  
  105  11:37  Marine  
  101  11:40  Marine, Marauder  
  101  11:44  Marine  
  101  11:46  SCV x2  
  105  11:49  Marauder x2  
  105  11:53  Marine  
  99  11:54  Barracks  
  99  11:55  Barracks, Marine  
  99  11:56  Barracks  
  99  11:58  Marine  
  103  12:01  Marauder  
  103  12:02  Marine  
  103  12:08  Siege Tank, Medivac  
  109  12:09  Command Center  
  109  12:12  Combat Shields  
  109  12:27  Marine  
  109  12:28  Supply Depot x2  
  109  12:29  Marauder x2, Supply Depot, Medivac, Marine x4  
  103  12:43  Siege Tank  
  106  12:45  Marine  
  106  12:47  Marine x2  
  106  12:48  Refinery  
  106  12:49  Marine  
  106  12:51  Marine x2, Marauder x2  
  114  12:52  Marine  
  114  12:54  Barracks Reactor  
  115  13:03  Marine  
  115  13:05  Marauder, Marine  
  119  13:12  Marauder  
  107  13:19  Marine x4, Marauder  
  104  13:21  Marine  
  104  13:22  Marine  
  104  13:26  Marauder  
  108  13:33  Marine  
  109  13:36  Marine x2  
  109  13:37  Marine x4  
  109  13:39  Marine  
  109  13:40  Marine, Marauder  
  119  13:47  Marine  
  117  13:51  Marine  
  117  13:54  Marine x2  
  117  13:55  Marine x4  
  118  13:57  Marine  
  118  13:58  Marine  
  118  14:01  Marauder  
  120  14:06  Marauder  
  120  14:09  Marine  
  123  14:12  Marine x3  
  123  14:13  Marine x2  
  123  14:14  Marine  
  123  14:15  Marine  
  123  14:16  Marine  
  131  14:23  Marauder  
  133  14:27  Marauder x2  
  133  14:29  Marine  
  133  14:30  Marine x2  
  133  14:31  Marine x2  
  142  14:32  Marine  
  142  14:33  Marine  
  142  14:34  Marine  
  145  14:44  Marauder  
  147  14:47  Marine  
  147  14:52  Marauder x2, Marine x7  
  145  15:05  Marine  
  145  15:06  Marauder  
  148  15:14  Marine x3  
Tags
 
Add a new tag
Caveats
  • Supply blocks, unpowered buildings, or Contaminate may cause inaccurate times.
  • Supply counts are checked every 10 seconds.